General information
			
			
        
        - name: BNet
 
        - type: Ladder team game (AT/RT)
 
        - host: Battle.net
 
        - saver: BirdmanDoes4s
 
        
map: GoldRush 
        - players: 8
 
        - length: 42:17
 
        - speed: Fast
 - version: 1.22 W3XP
 - replay type:  Public
 
» download(472 KB)
Players
        team 1 (winner) 
              
              
298739283939208 (
orange | 99 APM | 4177 actions | 42:16)
              
 8 Goblin Tinker 
 3 Pocket Factory
 3 Engineering Upgrade
 1 Robo-Goblin
 1 Cluster Rockets
 
                » actions 
                
                | Assign group hotkey | 100 |  | 
| Basic commands | 16 |  | 
| Build / train | 193 |  | 
| ESC pressed | 3 |  | 
| Enter build submenu | 50 |  | 
| Enter hero's abilities submenu | 8 |  | 
| Give item / drop item | 4 |  | 
| Remove unit from queue | 4 |  | 
| Right click | 1471 |  | 
| Select / deselect | 718 |  | 
| Select group hotkey | 1443 |  | 
| Use ability | 166 |  | 
                4177 total
 » units 
                
                | Peasant | 20 |  | 
| Footman | 9 |  | 
| Gryphon Rider | 4 |  | 
| Mortar Team | 10 |  | 
| Flying Machine | 81 |  | 
                124 total
 » upgrades
                
                | Fragmentation Shards | 1 |  | 
| Gunpowder | 3 |  | 
| Storm Hammers | 1 |  | 
| Flare | 1 |  | 
| Flak Cannons | 1 |  | 
| Animal War Training | 1 |  | 
                8 total
 » buildings
                
                | Altar of Kings | 1 |  | 
| Farm | 10 |  | 
| Barracks | 1 |  | 
| Lumber Mill | 1 |  | 
| Scout Tower | 15 |  | 
| Guard Tower | 8 |  | 
| Arcane Vault | 2 |  | 
| Town Hall | 6 |  | 
| Arcane Tower | 2 |  | 
| Keep | 1 |  | 
| Castle | 1 |  | 
| Blacksmith | 1 |  | 
| Gryphon Aviary | 2 |  | 
| Workshop | 3 |  | 
                54 total
 » build order
                00:08 Altar of Kings
00:12 Farm
00:25 Barracks
00:51 Farm
01:43 Lumber Mill
03:27 Scout Tower
03:31 Scout Tower
03:32 Scout Tower
03:48 Farm
03:52 Scout Tower
03:59 Guard Tower
04:01 Scout Tower
04:14 Guard Tower
04:19 Scout Tower
04:27 Guard Tower
05:00 Guard Tower
05:27 Scout Tower
05:29 Scout Tower
05:34 Arcane Vault
05:55 Farm
05:59 Guard Tower
06:06 Scout Tower
06:07 Scout Tower
07:09 Town Hall
07:25 Scout Tower
07:27 Scout Tower
08:17 Guard Tower
08:25 Arcane Tower
08:28 Scout Tower
08:30 Scout Tower
08:43 Arcane Vault
08:58 Arcane Tower
08:59 Guard Tower
09:35 Keep
10:09 Scout Tower
10:12 Farm
10:44 Guard Tower
11:23 Town Hall
12:03 Castle
12:07 Blacksmith
12:30 Farm
12:37 Gryphon Aviary
12:40 Gryphon Aviary
13:05 Farm
13:20 Workshop
13:22 Workshop
13:51 Farm
14:11 Workshop
26:55 Farm
27:25 Town Hall
33:04 Town Hall
36:15 Town Hall
37:27 Farm
38:22 Town Hall
» items
                
                | Scroll of Regeneration | 7 |  | 
| Lesser Clarity Potion | 3 |  | 
| Scroll of Town Portal | 8 |  | 
| Potion of Healing | 6 |  | 
| Scroll of Healing | 3 |  | 
| Potion of Lesser Invulnerability | 2 |  | 
| Scroll of Protection | 1 |  | 
| Potion of Mana | 2 |  | 
| Orb of Fire | 1 |  | 
| Boots of Speed | 1 |  | 
                34 total
  
               
              
              
BirdmanDoes4s (
teal | 91 APM | 3853 actions | 42:17)
              
 7 Goblin Tinker 
 3 Pocket Factory
 3 Engineering Upgrade
 1 Robo-Goblin
 5 Death Knight 
 3 Death Coil
 2 Unholy Aura
 
                » actions 
                
                | Assign group hotkey | 34 |  | 
| Basic commands | 407 |  | 
| Build / train | 110 |  | 
| ESC pressed | 3 |  | 
| Enter build submenu | 25 |  | 
| Enter hero's abilities submenu | 13 |  | 
| Give item / drop item | 1 |  | 
| Right click | 1749 |  | 
| Select / deselect | 733 |  | 
| Select group hotkey | 677 |  | 
| Use ability | 101 |  | 
                3853 total
 » units 
                
                | Acolyte | 24 |  | 
| Ghoul | 18 |  | 
| Crypt Fiend | 4 |  | 
| Frost Wyrm | 19 |  | 
                65 total
 » upgrades
                
                | Web | 1 |  | 
| Creature Attack | 3 |  | 
| Freezing Breath | 1 |  | 
| Creature Carapace | 2 |  | 
                7 total
 » buildings
                
                | Crypt | 2 |  | 
| Ziggurat | 9 |  | 
| Altar of Darkness | 1 |  | 
| Halls of the Dead | 1 |  | 
| Graveyard | 2 |  | 
| Necropolis | 1 |  | 
| Black Citadel | 1 |  | 
| Spirit Tower | 5 |  | 
| Sacrificial Pit | 1 |  | 
| Tomb of Relics | 1 |  | 
| Boneyard | 2 |  | 
                26 total
 » build order
                00:07 Crypt
00:15 Ziggurat
00:37 Crypt
00:55 Altar of Darkness
01:50 Ziggurat
03:34 Ziggurat
09:23 Halls of the Dead
10:16 Graveyard
10:21 Graveyard
10:50 Necropolis
11:37 Ziggurat
11:40 Ziggurat
11:49 Black Citadel
12:41 Ziggurat
12:41 Spirit Tower
14:06 Sacrificial Pit
14:09 Spirit Tower
14:48 Tomb of Relics
14:49 Spirit Tower
15:14 Boneyard
15:15 Boneyard
15:19 Spirit Tower
15:23 Ziggurat
16:02 Ziggurat
16:12 Ziggurat
17:28 Spirit Tower
» items
                
                | Scroll of Regeneration | 2 |  | 
| Scroll of Town Portal | 8 |  | 
| Orb of Corruption | 2 |  | 
| Potion of Mana | 2 |  | 
| Potion of Healing | 3 |  | 
                17 total
  
               
              
              
KNIFE]NOOBELF (
blue | 70 APM | 2945 actions | 42:16)
              
 8 Goblin Tinker 
 3 Pocket Factory
 3 Engineering Upgrade
 1 Robo-Goblin
 1 Cluster Rockets
 
                » actions 
                
                | Assign group hotkey | 101 |  | 
| Basic commands | 110 |  | 
| Build / train | 112 |  | 
| ESC pressed | 1 |  | 
| Enter build submenu | 50 |  | 
| Enter hero's abilities submenu | 8 |  | 
| Give item / drop item | 3 |  | 
| Remove unit from queue | 2 |  | 
| Right click | 1519 |  | 
| Select / deselect | 392 |  | 
| Select group hotkey | 531 |  | 
| Use ability | 116 |  | 
                2945 total
 » units 
                
                | Peasant | 37 |  | 
| Footman | 14 |  | 
| Ogre Mauler | 2 |  | 
| Forest Troll Shadow Priest | 2 |  | 
| Forest Troll Berserker | 2 |  | 
| Mud Golem | 2 |  | 
| Gryphon Rider | 9 |  | 
                68 total
 » upgrades
                
                | Lumber Harvesting | 1 |  | 
| Storm Hammers | 1 |  | 
                2 total
 » buildings
                
                | Barracks | 1 |  | 
| Farm | 28 |  | 
| Altar of Kings | 2 |  | 
| Lumber Mill | 3 |  | 
| Scout Tower | 4 |  | 
| Guard Tower | 3 |  | 
| Keep | 3 |  | 
| Arcane Vault | 1 |  | 
| Town Hall | 4 |  | 
| Castle | 2 |  | 
| Gryphon Aviary | 6 |  | 
                57 total
 » build order
                00:09 Barracks
00:41 Farm
01:03 Altar of Kings
01:21 Farm
01:30 Lumber Mill
03:10 Farm
03:48 Scout Tower
03:49 Scout Tower
03:50 Scout Tower
04:16 Guard Tower
04:18 Guard Tower
04:49 Keep
05:22 Scout Tower
05:49 Guard Tower
06:21 Arcane Vault
07:57 Town Hall
08:05 Farm
08:09 Farm
09:44 Town Hall
11:13 Castle
13:18 Gryphon Aviary
13:20 Gryphon Aviary
13:22 Gryphon Aviary
15:20 Farm
15:21 Farm
15:21 Farm
15:27 Farm
15:28 Farm
15:28 Farm
15:31 Farm
15:32 Farm
16:17 Farm
16:18 Farm
17:37 Lumber Mill
21:37 Keep
24:05 Town Hall
27:25 Keep
28:00 Lumber Mill
31:42 Altar of Kings
32:51 Castle
36:25 Gryphon Aviary
36:26 Gryphon Aviary
36:31 Gryphon Aviary
36:36 Farm
36:37 Farm
36:37 Farm
36:46 Farm
37:17 Farm
37:19 Farm
37:23 Farm
37:25 Farm
37:27 Farm
37:28 Farm
37:29 Farm
37:31 Farm
38:40 Farm
40:05 Town Hall
» items
                
                | Scroll of Regeneration | 4 |  | 
| Lesser Clarity Potion | 2 |  | 
| Boots of Speed | 1 |  | 
| Scroll of Town Portal | 6 |  | 
| Periapt of Vitality | 2 |  | 
| Potion of Healing | 4 |  | 
| Potion of Lesser Invulnerability | 1 |  | 
| Orb of Fire | 1 |  | 
| Scroll of Protection | 1 |  | 
| Potion of Mana | 1 |  | 
                23 total
  
               
              
              
timG4strok (
green | 132 APM | 5581 actions | 42:16)
              
 6 Archmage 
 3 Summon Water Elemental
 2 Brilliance Aura
 1 Mass Teleport
 2 Mountain King 
 1 Storm Bolt
 1 Bash
 
                » actions 
                
                | Assign group hotkey | 36 |  | 
| Basic commands | 191 |  | 
| Build / train | 123 |  | 
| ESC pressed | 12 |  | 
| Enter build submenu | 65 |  | 
| Enter hero's abilities submenu | 8 |  | 
| Give item / drop item | 3 |  | 
| Right click | 2558 |  | 
| Select / deselect | 525 |  | 
| Select group hotkey | 1881 |  | 
| Use ability | 179 |  | 
                5581 total
 » units 
                
                | Peasant | 30 |  | 
| Footman | 10 |  | 
| Dragonhawk Rider | 5 |  | 
| Gryphon Rider | 12 |  | 
                57 total
 » upgrades
                
                | Defend | 1 |  | 
| Masonry | 2 |  | 
| Lumber Harvesting | 1 |  | 
| Magic Sentry | 1 |  | 
| Armor | 3 |  | 
| Swords | 2 |  | 
| Storm Hammers | 2 |  | 
| Cloud | 1 |  | 
| Animal War Training | 1 |  | 
                14 total
 » buildings
                
                | Altar of Kings | 4 |  | 
| Barracks | 2 |  | 
| Farm | 15 |  | 
| Lumber Mill | 3 |  | 
| Scout Tower | 35 |  | 
| Guard Tower | 10 |  | 
| Arcane Vault | 2 |  | 
| Town Hall | 3 |  | 
| Keep | 2 |  | 
| Arcane Tower | 1 |  | 
| Arcane Sanctum | 1 |  | 
| Blacksmith | 1 |  | 
| Gryphon Aviary | 2 |  | 
| Castle | 1 |  | 
                82 total
 » build order
                00:04 Altar of Kings
00:06 Altar of Kings
00:09 Barracks
00:13 Altar of Kings
00:19 Farm
00:51 Farm
01:50 Lumber Mill
03:17 Scout Tower
03:18 Scout Tower
03:18 Scout Tower
03:31 Farm
03:48 Guard Tower
04:11 Scout Tower
04:12 Scout Tower
04:23 Arcane Vault
05:19 Scout Tower
05:19 Scout Tower
05:19 Scout Tower
05:33 Guard Tower
05:54 Scout Tower
06:27 Guard Tower
07:44 Scout Tower
07:44 Scout Tower
07:45 Scout Tower
07:47 Scout Tower
07:50 Town Hall
08:14 Farm
08:20 Guard Tower
10:14 Keep
10:18 Guard Tower
10:48 Guard Tower
10:55 Scout Tower
11:25 Arcane Tower
12:15 Scout Tower
12:16 Scout Tower
12:16 Scout Tower
12:17 Scout Tower
12:23 Lumber Mill
13:19 Scout Tower
13:20 Scout Tower
13:21 Scout Tower
13:21 Scout Tower
13:24 Keep
13:36 Guard Tower
13:40 Scout Tower
13:40 Scout Tower
14:01 Scout Tower
14:02 Scout Tower
14:02 Scout Tower
14:05 Scout Tower
14:05 Scout Tower
14:06 Scout Tower
14:07 Scout Tower
15:09 Guard Tower
15:28 Lumber Mill
16:07 Farm
17:09 Guard Tower
17:11 Farm
17:12 Farm
17:13 Farm
18:18 Town Hall
18:32 Arcane Vault
19:47 Arcane Sanctum
20:28 Blacksmith
20:37 Altar of Kings
21:22 Gryphon Aviary
21:46 Castle
22:11 Gryphon Aviary
22:23 Farm
22:23 Farm
24:16 Scout Tower
24:44 Barracks
25:44 Farm
25:45 Farm
25:48 Farm
25:59 Scout Tower
26:00 Scout Tower
26:01 Scout Tower
27:21 Guard Tower
30:02 Farm
30:02 Farm
40:26 Town Hall
» items
                
                | Scroll of Regeneration | 9 |  | 
| Lesser Clarity Potion | 2 |  | 
| Scroll of Town Portal | 7 |  | 
| Potion of Healing | 4 |  | 
| Orb of Fire | 1 |  | 
| Staff of Sanctuary | 2 |  | 
| Staff of Teleportation | 1 |  | 
| Boots of Speed | 1 |  | 
                27 total
  
               team 2 (loser) 
              
              
2xRel0ad (
purple | 138 APM | 5819 actions | 42:15)
              
 8 Blademaster 
 3 Wind Walk
 3 Critical Strike
 1 Bladestorm
 1 Mirror Image
 6 Shadow Hunter 
 2 Hex
 2 Healing Wave
 1 Serpent Ward
 1 Big Bad Voodoo
 3 Tauren Chieftain 
 1 War Stomp
 2 Endurance Aura
 
                » actions 
                
                | Assign group hotkey | 76 |  | 
| Basic commands | 111 |  | 
| Build / train | 152 |  | 
| ESC pressed | 14 |  | 
| Enter build submenu | 64 |  | 
| Enter hero's abilities submenu | 18 |  | 
| Give item / drop item | 3 |  | 
| Remove unit from queue | 1 |  | 
| Right click | 2759 |  | 
| Select / deselect | 975 |  | 
| Select group hotkey | 1314 |  | 
| Use ability | 332 |  | 
                5819 total
 » units 
                
                | Peon | 36 |  | 
| Grunt | 17 |  | 
| Demolisher | 1 |  | 
| Tauren | 4 |  | 
| Troll Batrider | 37 |  | 
| Shaman | 4 |  | 
                99 total
 » upgrades
                
                | Reinforced Defenses | 1 |  | 
| Armor | 1 |  | 
| Spiked Barricades | 1 |  | 
| Shaman Training | 2 |  | 
| Melee Weapons | 1 |  | 
                6 total
 » buildings
                
                | Altar of Storms | 2 |  | 
| Orc Burrow | 10 |  | 
| Barracks | 2 |  | 
| Voodoo Lounge | 3 |  | 
| Great Hall | 5 |  | 
| Stronghold | 3 |  | 
| War Mill | 1 |  | 
| Fortress | 1 |  | 
| Watch Tower | 21 |  | 
| Tauren Totem | 1 |  | 
| Spirit Lodge | 3 |  | 
| Beastiary | 6 |  | 
                58 total
 » build order
                00:08 Altar of Storms
00:11 Orc Burrow
00:40 Barracks
01:25 Orc Burrow
02:16 Voodoo Lounge
03:07 Great Hall
04:06 Barracks
05:07 Orc Burrow
05:51 Stronghold
06:51 War Mill
08:24 Fortress
08:27 Watch Tower
08:59 Watch Tower
09:13 Watch Tower
09:26 Orc Burrow
09:49 Watch Tower
10:14 Orc Burrow
10:17 Watch Tower
10:19 Watch Tower
11:07 Tauren Totem
11:46 Watch Tower
12:17 Spirit Lodge
12:34 Watch Tower
15:15 Spirit Lodge
16:35 Watch Tower
16:37 Watch Tower
16:42 Beastiary
17:40 Great Hall
17:50 Beastiary
18:33 Watch Tower
19:45 Watch Tower
20:18 Orc Burrow
22:11 Beastiary
25:28 Stronghold
25:59 Voodoo Lounge
26:16 Orc Burrow
26:17 Watch Tower
26:21 Watch Tower
26:22 Watch Tower
26:55 Great Hall
27:51 Beastiary
27:53 Beastiary
27:55 Beastiary
28:16 Watch Tower
28:18 Watch Tower
28:19 Watch Tower
28:20 Watch Tower
28:21 Watch Tower
29:48 Spirit Lodge
29:54 Watch Tower
30:09 Voodoo Lounge
32:52 Altar of Storms
33:51 Orc Burrow
37:04 Great Hall
37:08 Orc Burrow
37:10 Orc Burrow
38:31 Stronghold
41:24 Great Hall
» items
                
                | Healing Salve | 3 |  | 
| Lesser Clarity Potion | 1 |  | 
| Scroll of Speed | 1 |  | 
| Scroll of Town Portal | 10 |  | 
| Boots of Speed | 1 |  | 
| Circlet of Nobility | 1 |  | 
| Orb of Lightning | 1 |  | 
| Staff of Teleportation | 1 |  | 
                19 total
  
               
              
              
FuNLoViNGMoNKeY (
red | 127 APM | 5332 actions | 41:59)
              
 6 Death Knight 
 3 Death Coil
 2 Unholy Aura
 1 Animate Dead
 5 Lich 
 3 Frost Nova
 2 Frost Armor
 4 Crypt Lord 
 2 Impale
 2 Spiked Carapace
 
                » actions 
                
                | Assign group hotkey | 50 |  | 
| Basic commands | 334 |  | 
| Build / train | 130 |  | 
| Enter build submenu | 27 |  | 
| Enter hero's abilities submenu | 15 |  | 
| Give item / drop item | 1 |  | 
| Remove unit from queue | 4 |  | 
| Right click | 1697 |  | 
| Select / deselect | 1018 |  | 
| Select group hotkey | 1895 |  | 
| Use ability | 161 |  | 
                5332 total
 » units 
                
                | Acolyte | 29 |  | 
| Ghoul | 8 |  | 
| Crypt Fiend | 12 |  | 
| Obsidian Statue | 8 |  | 
| Meatwagon | 2 |  | 
| Frost Wyrm | 7 |  | 
| Gargoyle | 5 |  | 
                71 total
 » upgrades
                
                | Creature Attack | 3 |  | 
| Creature Carapace | 3 |  | 
| Web | 1 |  | 
| Destroyer Form | 1 |  | 
| Ghoul Frenzy | 1 |  | 
| Freezing Breath | 1 |  | 
                10 total
 » buildings
                
                | Crypt | 1 |  | 
| Graveyard | 1 |  | 
| Altar of Darkness | 1 |  | 
| Ziggurat | 9 |  | 
| Tomb of Relics | 1 |  | 
| Nerubian Tower | 1 |  | 
| Halls of the Dead | 2 |  | 
| Necropolis | 3 |  | 
| Slaughterhouse | 1 |  | 
| Black Citadel | 2 |  | 
| Sacrificial Pit | 1 |  | 
| Boneyard | 1 |  | 
                24 total
 » build order
                00:09 Crypt
00:12 Graveyard
00:32 Altar of Darkness
00:46 Ziggurat
01:23 Tomb of Relics
01:57 Ziggurat
02:30 Nerubian Tower
06:37 Halls of the Dead
06:37 Halls of the Dead
06:43 Ziggurat
06:54 Ziggurat
08:37 Necropolis
09:59 Ziggurat
10:01 Ziggurat
10:19 Slaughterhouse
11:12 Ziggurat
12:05 Black Citadel
12:16 Necropolis
14:42 Sacrificial Pit
16:06 Boneyard
40:26 Necropolis
40:27 Ziggurat
40:29 Ziggurat
» items
                
                | Rod of Necromancy | 4 |  | 
| Scroll of Town Portal | 4 |  | 
| Potion of Healing | 2 |  | 
| Orb of Corruption | 2 |  | 
| Scroll of Protection | 1 |  | 
| Boots of Speed | 1 |  | 
                14 total
  
               
              
              
Lagger (
pink | 177 APM | 7422 actions | 42:02)
              
 6 Archmage 
 3 Summon Water Elemental
 2 Brilliance Aura
 1 Mass Teleport
 
                » actions 
                
                | Assign group hotkey | 101 |  | 
| Basic commands | 112 |  | 
| Build / train | 48 |  | 
| Enter build submenu | 15 |  | 
| Enter hero's abilities submenu | 6 |  | 
| Give item / drop item | 1 |  | 
| Right click | 2498 |  | 
| Select / deselect | 946 |  | 
| Select group hotkey | 3587 |  | 
| Use ability | 108 |  | 
                7422 total
 » units 
                » upgrades
                » buildings
                
                | Altar of Kings | 1 |  | 
| Farm | 6 |  | 
| Barracks | 1 |  | 
| Blacksmith | 2 |  | 
| Scout Tower | 1 |  | 
| Arcane Tower | 4 |  | 
| Town Hall | 1 |  | 
                16 total
 » build order
                00:37 Altar of Kings
00:42 Farm
01:15 Farm
01:18 Barracks
01:23 Blacksmith
01:24 Blacksmith
01:28 Scout Tower
02:13 Arcane Tower
02:13 Arcane Tower
02:13 Arcane Tower
02:32 Farm
02:35 Farm
08:58 Town Hall
11:02 Farm
12:44 Farm
» items
                
                | Healing Salve | 2 |  | 
| Lesser Clarity Potion | 2 |  | 
| Scroll of Speed | 4 |  | 
| Scroll of Town Portal | 1 |  | 
| Staff of Teleportation | 1 |  | 
                10 total
  
               
              
              
Shrink. (
yellow | 43 APM | 1820 actions | 42:05)
              
 6 Warden 
 3 Fan of Knives
 1 Blink
 1 Shadow Strike
 1 Spirit of Vengeance
 5 Priestess of the Moon 
 3 Trueshot Aura
 2 Searing Arrows
 
                » actions 
                
                | Assign group hotkey | 4 |  | 
| Basic commands | 473 |  | 
| Build / train | 85 |  | 
| ESC pressed | 12 |  | 
| Enter build submenu | 24 |  | 
| Enter hero's abilities submenu | 11 |  | 
| Right click | 518 |  | 
| Select / deselect | 584 |  | 
| Select group hotkey | 1 |  | 
| Use ability | 108 |  | 
                1820 total
 » units 
                
                | Wisp | 30 |  | 
| Huntress | 4 |  | 
| Glaive Thrower | 5 |  | 
| Dryad | 3 |  | 
| Archer | 1 |  | 
| Druid of the Talon | 4 |  | 
| Chimaera | 1 |  | 
| Hippogryph | 3 |  | 
                51 total
 » upgrades
                
                | Strength of the Wild | 3 |  | 
| Vorpal Blades | 1 |  | 
| Strength of the Moon | 1 |  | 
| Abolish Magic | 1 |  | 
| Sentinel | 1 |  | 
| Druid of the Talon Training | 2 |  | 
| Marksmanship | 1 |  | 
| Corrosive Breath | 1 |  | 
| Mark of the Talon | 1 |  | 
                12 total
 » buildings
                
                | Altar of Elders | 1 |  | 
| Moon Well | 6 |  | 
| Hunter's Hall | 1 |  | 
| Ancient of War | 2 |  | 
| Tree of Ages | 1 |  | 
| Tree of Life | 3 |  | 
| Ancient of Lore | 2 |  | 
| Tree of Eternity | 3 |  | 
| Ancient of Wonders | 1 |  | 
| Ancient of Wind | 2 |  | 
| Chimaera Roost | 3 |  | 
                25 total
 » build order
                00:06 Altar of Elders
00:25 Moon Well
01:35 Hunter's Hall
02:01 Ancient of War
02:07 Moon Well
04:12 Moon Well
05:13 Moon Well
05:51 Tree of Ages
06:13 Ancient of War
08:13 Tree of Life
08:19 Ancient of Lore
10:08 Tree of Life
10:46 Tree of Eternity
10:46 Tree of Eternity
10:46 Tree of Eternity
13:26 Ancient of Wonders
14:19 Ancient of Wind
15:26 Ancient of Wind
17:52 Moon Well
18:27 Chimaera Roost
18:30 Chimaera Roost
18:36 Chimaera Roost
18:48 Moon Well
21:02 Ancient of Lore
28:48 Tree of Life
» items
                
                | Scroll of Town Portal | 2 |  | 
| Scroll of Healing | 1 |  | 
| Potion of Lesser Invulnerability | 1 |  | 
| Boots of Speed | 1 |  | 
                5 total
  
                Chat log
          
(26:14 / Allies) timG4strok: wood
(30:50 / All) KNIFE]NOOBELF: gg
(34:33 / All) BirdmanDoes4s: yi
(34:35 / All) BirdmanDoes4s: lvl6 tinkers
(34:36 / All) BirdmanDoes4s: w'sup
(41:37 / All) KNIFE]NOOBELF: sorry ladies
(41:40 / All) KNIFE]NOOBELF: its been fun
(41:45 / All) KNIFE]NOOBELF: ima bring my grifs now
(42:01 / All) BirdmanDoes4s: Lol
(42:02 / All) BirdmanDoes4s: gg 
(42:03 / All) BirdmanDoes4s: fagz
(42:10 / All) 2xRel0ad: time to report
(42:13 / All) 2xRel0ad: gg newbs
(42:14 / All) BirdmanDoes4s: mh
(42:15 / All) BirdmanDoes4s: lol